Map: 오토메이턴 - 래더

Players

lllllllIlIlI

  • Race: Terran Terran
  • League: Master
  • Spawn Location: 9:00

llllllllllll - Winner!

  • Race: Protoss Protoss
  • League: Master
  • Spawn Location: 3:00

VOD

Have the link to the VOD?

Description

Time

  • Played on: Jan. 29, 2019, 3:55 a.m.
  • Length: 17:21
Show
View Real Time Build Order
Export as new Build Order

lllllllIlIlI Terran 

Build Orders: Reaper Expand 

Get SALT Encoding   

  12  0:00  SCV  
  13  0:12  SCV  
  14  0:18  Supply Depot  
  14  0:24  SCV  
  15  0:39  SCV  
  15  0:42  Barracks  
  16  0:44  Refinery  
  16  0:51  SCV  
  17  1:03  SCV  
  18  1:15  SCV  
  19  1:28  Reaper  
  19  1:29  Orbital Command  
  20  1:45  Command Center  
  20  1:51  Supply Depot  
  20  1:55  SCV  
  20  2:00  Marine  
  22  2:08  Factory  
  22  2:10  SCV  
  23  2:19  Marine  
  23  2:22  SCV  
  25  2:25  Barracks  
  25  2:34  SCV  
  26  2:37  Barracks Reactor  
  26  2:46  SCV  
  26  2:51  Factory Tech Lab, Refinery  
  27  2:57  Orbital Command  
  27  2:58  SCV  
  28  3:10  SCV  
  29  3:14  Marine x3  
  35  3:22  SCV  
  35  3:24  SCV  
  37  3:31  Marine  
  37  3:34  Marine  
  39  3:35  SCV  
  39  3:36  SCV  
  39  3:38  Supply Depot  
  39  3:39  Cyclone  
  41  3:42  Barracks Tech Lab  
  41  3:47  SCV  
  41  3:48  SCV  
  42  3:49  Marine  
  42  3:51  Marine  
  42  3:52  Supply Depot  
  44  3:59  SCV  
  44  4:00  SCV  
  44  4:01  Stimpack  
  47  4:05  Bunker  
  47  4:07  Marine  
  47  4:09  Marine  
  49  4:10  Marine  
  49  4:11  SCV  
  49  4:12  SCV  
  49  4:13  Starport  
  51  4:17  Factory Reactor  
  51  4:21  Supply Depot  
  51  4:23  SCV  
  52  4:24  SCV  
  52  4:25  Marine  
  52  4:27  Marine  
  52  4:28  Marine  
  53  4:35  SCV  
  53  4:36  SCV  
  55  4:40  Barracks  
  55  4:43  Marine, Refinery  
  55  4:44  Engineering Bay  
  55  4:45  Marine  
  57  4:46  Marine  
  57  4:47  SCV  
  59  4:56  Medivac  
  59  4:57  Medivac, SCV  
  64  5:01  Marine, SCV, Supply Depot  
  64  5:03  Marine  
  64  5:04  Factory Reactor, Marine  
  68  5:10  Missile Turret  
  68  5:11  Missile Turret  
  68  5:13  Terran Infantry Weapons Level 1  
  68  5:16  SCV x2  
  70  5:23  Marine x2  
  70  5:25  Supply Depot  
  70  5:26  Medivac  
  70  5:28  Marine x2  
  76  5:33  Combat Shield  
  76  5:37  Supply Depot  
  76  5:41  Marine  
  76  5:42  Marine  
  77  5:46  Marine, Medivac, SCV  
  77  5:49  Widow Mine  
  84  5:51  Widow Mine  
  84  5:55  Supply Depot  
  84  5:56  Supply Depot  
  86  5:58  Marine  
  87  6:04  Marine  
  87  6:06  Marauder x2  
  87  6:09  Command Center  
  90  6:13  Liberator  
  90  6:16  Marine  
  91  6:19  SCV  
  91  6:21  Widow Mine x2  
  91  6:23  Marine  
  97  6:26  Concussive Shells  
  97  6:28  Marauder  
  97  6:29  SCV  
  97  6:31  Marine  
  104  6:33  Refinery  
  104  6:34  Marine  
  104  6:38  SCV  
  106  6:41  SCV  
  106  6:46  Supply Depot  
  106  6:47  Supply Depot  
  106  6:50  Liberator  
  106  6:55  Marauder x2  
  110  7:06  Liberator  
  110  7:07  Marine x2  
  110  7:08  Terran Infantry Armor Level 1, SCV x2  
  117  7:15  Marine  
  117  7:16  Marine  
  117  7:20  SCV  
  117  7:21  Orbital Command, SCV  
  121  7:25  Marine x2  
  126  7:33  Liberator  
  126  7:34  SCV  
  126  7:35  Barracks, SCV  
  127  7:37  Barracks  
  127  7:38  Refinery  
  127  7:39  Marine x2  
  129  7:45  Refinery  
  129  7:46  Missile Turret  
  129  7:47  SCV x2  
  124  7:54  SCV  
  124  7:55  Liberator  
  124  7:57  Marauder x2  
  126  7:59  Marine x2, SCV x2  
  126  8:05  Starport  
  130  8:06  SCV, Fusion Core  
  130  8:11  SCV  
  129  8:17  Liberator  
  129  8:19  Marine x2  
  133  8:20  Factory Tech Lab, SCV  
  133  8:21  SCV  
  133  8:24  SCV  
  133  8:25  Supply Depot  
  137  8:27  Barracks Tech Lab, Barracks Reactor  
  137  8:32  Missile Turret  
  137  8:33  SCV  
  138  8:38  Armory, Liberator  
  138  8:40  Liberator  
  141  8:46  Marine x2  
  144  9:00  Marine x2  
  149  9:03  Supply Depot x2  
  149  9:04  Orbital Command, Supply Depot  
  149  9:06  Liberator  
  149  9:11  SCV  
  149  9:13  Marine, SCV  
  134  9:27  Marine x2, Marauder x2  
  134  9:29  Marine  
  134  9:30  Marine  
  134  9:35  Terran Infantry Weapons Level 2  
  136  9:40  Liberator  
  136  9:41  Missile Turret  
  135  9:45  Sensor Tower  
  135  9:46  Advanced Ballistics, Marine  
  135  9:47  Marine x2  
  135  9:49  SCV  
  138  9:53  Liberator  
  138  9:54  Marine x3  
  145  10:03  Marauder  
  145  10:07  Engineering Bay  
  145  10:10  Liberator  
  145  10:13  SCV  
  151  10:14  Command Center  
  151  10:15  Terran Ship Weapons Level 1  
  151  10:16  Marine x2  
  151  10:17  Marine x2  
  151  10:21  Supply Depot  
  159  10:32  Marauder x3  
  162  10:40  Command Center  
  162  10:41  Liberator  
  162  10:42  Liberator  
  104  10:57  Marine x2  
  104  10:59  SCV x2  
  104  11:00  SCV  
  108  11:05  Marine x2  
  108  11:09  Marine x3  
  101  11:11  SCV x2  
  101  11:12  SCV  
  88  11:23  SCV x2  
  88  11:24  SCV  
  83  11:25  Marine  
  81  11:35  SCV  
  81  11:36  SCV, Marauder  
  81  11:38  Liberator  
  87  11:40  Marine x3  
  96  11:47  Medivac  
  96  11:48  Medivac x2  
  96  11:51  SCV  
  96  11:52  SCV x2  
  97  11:54  Planetary Fortress  
  97  11:58  Marine x2  
  97  11:59  Marine  
  103  12:02  Marauder  
  103  12:05  Marauder, SCV x2  
  109  12:08  Liberator  
  109  12:11  Terran Infantry Weapons Level 3  
  109  12:12  SCV  
  110  12:16  Terran Infantry Armor Level 2  
  110  12:17  Marine  
  110  12:19  Marine x2, SCV, Liberator  
  110  12:21  SCV  
  110  12:22  Marine x2  
  117  12:29  Orbital Command  
  120  12:30  SCV  
  120  12:32  Marine x2  
  120  12:37  SCV  
  127  12:38  SCV x2  
  127  12:43  Marine x2  
  134  12:53  SCV x3  
  134  12:56  Ghost Academy, SCV  
  134  12:57  Marine, Refinery  
  134  12:58  Refinery  
  142  13:10  SCV x3, Missile Turret  
  142  13:11  Marine x2  
  152  13:21  Viking x4  
  152  13:26  Ghost x3  
  149  13:30  SCV x2  
  149  13:31  SCV  
  149  13:33  SCV  
  159  13:37  Barracks  
  159  13:40  Terran Ship Weapons Level 2, Barracks  
  159  13:42  Personal Cloaking  
  159  13:46  SCV  
  160  13:53  Marine  
  160  13:54  Marine x3  
  160  13:55  Ghost x3  
  164  14:01  Viking x2  
  174  14:03  Viking  
  176  14:11  Marine  
  176  14:13  Marine x3  
  180  14:18  Barracks  
  180  14:24  Marine  
  181  14:28  SCV x2  
  181  14:29  SCV  
  181  14:30  Viking  
  181  14:31  Viking x2  
  186  14:38  Barracks Tech Lab, Command Center  
  186  14:39  Marine x4  
  186  14:40  Viking  
  190  14:49  Marine x2, Marauder x2  
  189  15:00  Orbital Command, Viking  
  187  15:08  Nuke  
  187  15:13  Viking x2  
  186  15:15  Marine x2, Marauder  
  186  15:16  Marauder  
  182  15:32  Viking x2  
  182  15:34  Marine x2, Marauder x2  
  182  15:35  Marine  
  180  15:39  Marine x4  
  152  15:59  Viking x2  
  152  16:01  Marine x4, Marauder x2  
  152  16:02  Marine  
  152  16:03  Marauder  
  144  16:07  Orbital Command  
  133  16:13  Ghost  
  132  16:19  Marine x2, Ghost  
  127  16:26  Medivac x2  
  127  16:27  Marine  
  127  16:28  Marauder x2  
  133  16:38  Marine x3, Marauder  
  136  16:42  Marauder  
  122  16:57  Marine x2  
  122  16:58  Marine x2  
  107  17:02  SCV x2  
Show
View Real Time Build Order
Export as new Build Order

llllllllllll Protoss - Winner!

Build Orders: 1 Gate Expand, Oracle Opening 

Get SALT Encoding   

  12  0:00  Probe  
  13  0:13  Probe  
  14  0:18  Pylon  
  14  0:24  Probe  
  15  0:32  Probe  
  15  0:38  Gateway  
  15  0:40  Probe  
  16  0:46  Assimilator  
  17  0:51  Probe  
  18  1:03  Probe  
  19  1:15  Probe  
  20  1:25  Nexus  
  20  1:35  Cybernetics Core  
  20  1:38  Probe  
  21  1:45  Assimilator  
  21  1:50  Probe  
  22  1:54  Pylon  
  22  2:02  Stalker, Probe  
  23  2:14  Probe  
  26  2:22  Stargate  
  26  2:27  Probe  
  26  2:29  Warp Gate  
  27  2:37  Probe x2  
  27  2:43  Stalker  
  31  2:45  Probe x2  
  33  2:53  Probe x2  
  33  2:58  Oracle  
  35  3:05  Probe  
  35  3:06  Probe  
  40  3:18  Probe x2  
  40  3:19  Pylon  
  42  3:27  Oracle  
  42  3:30  Probe x2  
  47  3:42  Gateway, Probe  
  47  3:44  Gateway, Probe  
  49  3:50  Pylon  
  49  3:54  Probe, Oracle  
  50  3:56  Probe  
  51  4:09  Probe x2  
  56  4:17  Nexus  
  56  4:19  Pylon  
  56  4:21  Probe  
  56  4:23  Probe  
  54  4:35  Assimilator x2, Probe x2  
  56  4:40  Forge  
  56  4:43  Twilight Council  
  56  4:48  Probe x2  
  56  4:50  Stalker, Sentry  
  62  4:53  Blink  
  62  5:02  Gateway  
  62  5:03  Gateway, Protoss Ground Weapons Level 1  
  62  5:05  Gateway  
  62  5:08  Gateway  
  62  5:14  Shield Battery  
  62  5:15  Shield Battery  
  62  5:29  Sentry  
  62  5:30  Stalker  
  62  5:33  Pylon  
  62  5:34  Stalker  
  68  5:37  Probe x2  
  68  5:39  Probe  
  71  5:45  Pylon  
  71  5:49  Probe x2  
  73  5:51  Probe  
  74  5:59  Stalker x3  
  74  6:02  Stalker  
  82  6:05  Probe x2  
  82  6:06  Probe  
  82  6:09  Pylon  
  85  6:11  Pylon  
  85  6:18  Stalker x2  
  85  6:21  Stalker  
  85  6:23  Probe  
  85  6:24  Probe  
  93  6:27  Sentry  
  93  6:28  Stalker  
  93  6:31  Stalker  
  99  6:33  Stalker  
  99  6:38  Protoss Ground Armor Level 1  
  99  6:39  Probe x3  
  102  6:45  Pylon  
  102  6:46  Pylon  
  102  6:49  Charge  
  102  6:55  Probe x2  
  102  6:56  Probe  
  102  6:58  Photon Cannon  
  105  7:01  Stalker x2  
  105  7:04  Stalker  
  105  7:07  Stalker  
  113  7:09  Zealot  
  113  7:12  Zealot  
  113  7:14  Zealot  
  119  7:18  Robotics Facility  
  119  7:25  Pylon  
  119  7:26  Pylon  
  119  7:28  Zealot x2  
  119  7:29  Zealot  
  125  7:35  Stalker x2  
  125  7:36  Probe x2  
  131  7:37  Probe  
  132  7:45  Shield Battery  
  132  7:46  Pylon  
  127  7:57  Warp Prism  
  118  8:00  Stalker x3, Zealot x2  
  118  8:01  Stalker  
  128  8:06  Probe x3  
  128  8:08  Assimilator  
  128  8:09  Assimilator  
  131  8:14  Protoss Ground Armor Level 2  
  131  8:20  Templar Archives  
  131  8:21  Zealot x3  
  131  8:23  Zealot x2  
  131  8:26  Observer  
  141  8:34  Zealot x2  
  144  9:06  Nexus  
  144  9:07  Zealot x2  
  144  9:08  Psionic Storm  
  144  9:09  Zealot x4  
  146  9:17  Nexus  
  146  9:21  Observer  
  140  9:31  Pylon  
  141  9:33  Pylon  
  141  9:40  Pylon, Photon Cannon  
  141  9:42  Probe  
  142  9:48  Observer  
  142  9:49  Probe  
  142  9:50  High Templar x3  
  142  9:51  High Templar  
  151  9:54  Zealot, High Templar x2, Probe  
  158  10:03  Probe  
  158  10:04  Protoss Ground Weapons Level 2  
  158  10:06  Probe  
  160  10:07  Pylon  
  160  10:08  Pylon  
  160  10:15  Probe  
  161  10:24  Zealot x5  
  161  10:27  High Templar x2  
  175  10:31  Archon  
  175  10:42  Probe x4  
  135  11:03  Zealot x4  
  135  11:04  Stalker x3  
  125  11:09  Immortal  
  119  11:13  Probe x4  
  119  11:16  Archon  
  95  11:30  Gateway, High Templar x4  
  103  11:32  Gateway  
  103  11:33  Stalker x3  
  103  11:37  Gateway x2  
  109  11:41  Assimilator  
  109  11:45  Assimilator  
  109  11:48  Immortal  
  109  11:49  Fleet Beacon  
  109  11:53  Stargate  
  109  11:55  Photon Cannon  
  109  11:59  Phoenix  
  115  12:12  Stalker x3, Zealot x3  
  115  12:15  Stalker  
  129  12:19  Protoss Ground Armor Level 3  
  129  12:21  Oracle  
  129  12:22  Photon Cannon  
  129  12:31  Nexus  
  129  12:34  Protoss Air Weapons Level 1  
  129  12:35  Stargate  
  132  12:51  Stalker x3, Zealot, Tempest  
  138  12:52  Zealot  
  138  12:53  Tempest  
  138  12:55  Pylon  
  152  13:14  Tempest  
  152  13:16  Zealot x5  
  152  13:18  Zealot  
  164  13:23  Tempest  
  169  13:27  Tempest  
  179  13:42  Immortal  
  179  13:45  Shield Battery  
  179  13:46  Shield Battery  
  183  13:48  Tempest  
  183  13:54  Shield Battery  
  183  13:56  Shield Battery  
  183  14:01  Tempest  
  188  14:09  Tempest  
  198  14:24  Protoss Air Weapons Level 2  
  198  14:27  Forge  
  198  14:33  Dark Shrine  
  198  14:35  Stalker  
  198  14:38  Pylon  
  200  14:39  Assimilator  
  200  14:41  Gateway, Assimilator  
  200  14:43  Gateway  
  198  14:45  Gateway  
  198  15:03  Robotics Bay  
  198  15:06  Robotics Facility  
  198  15:13  Stalker x2  
  198  15:14  Stalker x5  
  186  15:38  Stalker x6  
  186  15:39  Zealot x2  
  177  15:58  Probe  
  177  15:59  Probe x2  
  177  16:00  Nexus  
  177  16:02  Stalker x11  
  194  16:04  Observer  
  194  16:05  Observer  
  190  16:20  Observer  
  190  16:25  Warp Prism, Zealot x6  
  191  16:34  Observer  
  193  16:45  High Templar  
  193  16:46  High Templar x3  
  197  16:47  Zealot  
  162  17:09  High Templar  
  162  17:10  Zealot x6, High Templar  
  171  17:19  Archon  
Tags
 
Add a new tag
Caveats
  • Supply blocks, unpowered buildings, or Contaminate may cause inaccurate times.
  • Supply counts are checked every 10 seconds.